 Dungeon Crawl Stone Soup version 0.15-a0-2172-g9ff0d5b (webtiles) character file.

561 Duskembrace the Covert (level 7, -2/46 HPs)
             Began as a Vampire Enchanter on July 21, 2014.
             Slain by a gnoll
             ... wielding a +0 flail
              (9 damage)
             ... on Level 4 of the Dungeon.
             The game lasted 00:11:21 (3224 turns).

Duskembrace the Covert (Vampire Enchanter)          Turns: 3224, Time: 00:11:22

HP  -2/46        AC  0     Str  3      XL: 7   Next:  9%
MP   8/13        EV 20     Int 18      God:
Gold 154         SH  0     Dex 19      Spells:  3 memorised,  5 levels left

rFire  . . .     SeeInvis +     a - melded +1 dagger
rCold  + . .     Clarity  .     p - melded +1 robe {rC+ rF+}
rNeg   + + .     rCorr    .     (shield currently unavailable)
rPois  +         rRot     +     (helmet currently unavailable)
rElec  .         Spirit   .     (cloak currently unavailable)
SustAb .         Warding  .     k - melded +1 pair of gloves {Str+3}
rMut   .         Stasis   .     (boots currently unavailable)
Gourm  .                        (no amulet)
MR     .....                    (ring currently unavailable)
                                (ring currently unavailable)

@: bat-form, flying, regenerating slowly, very quick, not resistant to hostile
enchantments, very stealthy
A: bottle blood, (fangs 0), see invisible, (unbreathing)
a: Bottle Blood, End Transformation


You were on level 4 of the Dungeon.
You were thirsty.
You were in vampire bat-form.
You visited 1 branch of the dungeon, and saw 4 of its levels.

You collected 154 gold pieces.

Inventory:

Hand weapons
 a - a +1 dagger (melded)
 q - a +2 dagger of speed
 r - a +1 dagger of speed
Armour
 b - a +1 robe
 h - a +0 pair of gloves
 k - a +1 pair of gloves of strength (melded)
 p - a +1 robe of resistance (melded)
Magical devices
 s - a wand of draining (3) {unknown}
Scrolls
 e - 6 scrolls of identify {unknown}
 f - 3 scrolls of magic mapping {unknown}
 g - 3 scrolls of teleportation {unknown}
 j - a scroll of enchant armour {unknown}
 l - 3 scrolls of remove curse {unknown}
Potions
 d - 2 potions of curing {unknown}
 i - a potion of lignification {unknown}
 m - 2 potions of heal wounds {unknown}
 n - 2 potions of resistance {unknown}
 o - a potion of agility {unknown}
Books
 c - a book of Maledictions

   Spells                             Type                      Level
   *Corona                            Hexes                        1
   Sure Blade                         Hexes/Charms                 2
   *Ensorcelled Hibernation           Hexes/Ice                    2
   *Confuse                           Hexes                        3
   Dazzling Spray                     Conjuration/Hexes            3
   Enslavement                        Hexes                        4


   Skills:
 - Level 1.1 Short Blades
 - Level 2.1 Dodging
 + Level 10.3 Stealth
 + Level 2.8 Spellcasting
 + Level 7.1 Hexes
 - Level 0.2 Ice Magic


You had 5 spell levels left.
You knew the following spells:

 Your Spells              Type           Power        Failure   Level  Hunger
a - Corona                Hex            ####...      4%          1    None
b - Ensorcelled Hibernat  Hex/Ice        ###...       21%         2    ##.....
c - Confuse               Hex            ####....     10%         3    ###....


Dungeon Overview and Level Annotations

Branches:
Dungeon (4/15)
 Temple: D:4-7

Altars:
Sif Muna
The Shining One

Annotations:
D:4 Edmund, Purgy


Innate Abilities, Weirdness & Mutations

You heal slowly.
You can bottle blood from corpses.
((You have razor-sharp teeth.))*
You have supernaturally acute eyesight.
((You can survive without breathing.))*


Message History

The gnoll hits you but does no damage.
You closely miss the gnoll.
The gnoll hits you from afar with a halberd!
The gnoll hits you with a flail!
* * * LOW HITPOINT WARNING * * *
The gnoll hits you but does no damage.
Edmund says, "You wouldn't believe how much I paid for this flail."
The gnoll shaman calls upon its god to speed up the gnoll.
The gnoll seems to speed up.
The gnoll hits you but does no damage. The gnoll misses you.
Edmund says, "I might not be good at magic, but I can still kill you!"
The gnoll misses you.
Use which ability? (? or * to list)
You turn into a vampire bat.
Your +1 dagger melds into your body.
Your +1 pair of gloves of strength melds into your body.
You feel weaker.
Your +1 robe of resistance melds into your body.
You feel hot and cold all over. The gnoll closely misses you.
The gnoll hits you with a flail!
You die...

.g......## .........####
.............. .....<....#
...##)...## # #...## #...##
#########
##..(##########......(####
#.....g..ggb............###
#.......@.g......<........##
#############......####.....
######## ####.. ##. ## # #
##


You could see Edmund, a gnoll shaman and 3 gnolls.

Vanquished Creatures
  Prince Ribbit (D:4)
  2 scorpions (D:4)
  A hound (D:4)
  An iguana (D:3)
  2 orc wizards (D:3)
  Ijyb (D:2)
  4 adders
  2 giant mites
  2 worms (D:2)
  3 orcs
  2 ball pythons (D:1)
  3 giant cockroaches
  12 goblins
  11 hobgoblins
  3 jackals (D:3)
  4 kobolds
  A quokka (D:3)
  9 bats
  7 giant geckos
  4 giant newts
  8 rats
83 creatures vanquished.

Notes
Turn   | Place    | Note
--------------------------------------------------------------
     0 | D:1      | Duskembrace, the Vampire Enchanter, began the quest for the Orb.
     0 | D:1      | Reached XP level 1. HP: 13/13 MP: 3/3
   540 | D:1      | Reached skill level 5 in Hexes
   540 | D:1      | Reached XP level 2. HP: 11/19 MP: 4/4
   678 | D:1      | Learned a level 2 spell: Ensorcelled Hibernation
  1236 | D:2      | Reached skill level 5 in Stealth
  1236 | D:2      | Reached XP level 3. HP: 13/24 MP: 0/6
  1301 | D:2      | Learned a level 3 spell: Confuse
  1567 | D:2      | Found a glowing golden altar of the Shining One.
  1614 | D:2      | Noticed Ijyb
  1638 | D:2      | Killed Ijyb
  1638 | D:2      | Reached skill level 6 in Hexes
  1667 | D:2      | Found a deep blue altar of Sif Muna.
  1695 | D:2      | Reached XP level 4. HP: 30/30 MP: 2/7
  2446 | D:3      | Reached skill level 7 in Stealth
  2446 | D:3      | Reached XP level 5. HP: 35/35 MP: 6/9
  2905 | D:4      | Noticed Purgy
  2952 | D:4      | Noticed Edmund
  2957 | D:3      | Reached skill level 8 in Stealth
  3028 | D:4      | Noticed Prince Ribbit
  3031 | D:4      | Killed Prince Ribbit
  3031 | D:4      | Reached skill level 9 in Stealth
  3031 | D:4      | Reached XP level 6. HP: 41/41 MP: 8/11
  3082 | D:4      | Reached skill level 10 in Stealth
  3082 | D:4      | Reached XP level 7. HP: 46/46 MP: 10/13
  3224 | D:4      | Slain by a gnoll

Action                   |  1- 3 |  4- 6 |  7- 9 || total
-------------------------+-------+-------+-------++-------
Melee: Dagger            |   114 |   115 |     4 ||   233
 Cast: Ensorcelled Hiber |    11 |    16 |     4 ||    31
       Corona            |     1 |       |       ||     1
       Confuse           |       |     1 |       ||     1
 Abil: Bat Form          |       |       |     1 ||     1
 Stab: Sleeping          |    13 |    27 |     2 ||    42
       Distracted        |       |     1 |       ||     1
       Confused          |       |     1 |       ||     1
  Eat: Corpse            |     1 |     2 |     1 ||     4
